 Dungeon Crawl Stone Soup version 0.29-a0-506-ga2e7fffb44 (webtiles) character file.

Game seed: 5643736178801789219

1668 Sobieck the Grappler (level 9, 0/77 HPs)
             Began as a Ghoul Monk on May 28, 2022.
             Slain by a killer bee (1 damage)
             ... on level 7 of the Dungeon.
             The game lasted 00:11:31 (7018 turns).

Sobieck the Grappler (Ghoul Monk)                   Turns: 7018, Time: 00:11:31

Health: 0/77       AC: 12    Str: 19    XL:     9   Next: 1%
Magic:  17/17      EV: 13    Int:  5    God:
Gold:   76         SH:  0    Dex: 17    Spells: 8/8 levels left

rFire   + . .      SeeInvis .     - Unarmed
rCold   + . .      Faith    .   (no shield)
rNeg    + + +      Spirit   .   V - +2 ring mail {rF+}
rPois   ∞          Reflect  .   (no helmet)
rElec   +          Harm     .   m - +0 cloak
rCorr   .          Rampage  .   (no gloves)
Will    .....                   t - +2 pair of boots
Stlth   ++........              D - amulet of the acrobat
HPRegen 0.00/turn               Y - +6 ring of dexterity
MPRegen 0.15/turn               j - ring "Ypsuenk" {*Slow +Blink rElec rPois MP+9}

@: inhibited regen
A: claws 1, cold resistance 1, negative energy resistance 3, inhibited
regeneration, torment resistance 2, devour on kill
a: Evoke Blink


You were on level 7 of the Dungeon.
You visited 2 branches of the dungeon, and saw 8 of its levels.

You collected 342 gold pieces.
You spent 266 gold pieces at shops.


Innate Abilities, Weirdness & Mutations

You are immune to poison.
You have sharp fingernails.
Your flesh is cold resistant. (rC+)
You are immune to negative energy. (rN+++)
You do not regenerate when monsters are visible.
You are immune to unholy pain and torment.
You thrive by killing the living.


   Skills:
 + Level 6.3 Fighting
 + Level 4.3 Armour
 + Level 5.2 Dodging
 - Level 2.1 Stealth
 * Level 8.4 Unarmed Combat


You had 8 spell levels left.
You didn't know any spells.
Your spell library contained the following spells:

 Spells                   Type           Power      Damage    Failure   Level
 Confusing Touch          Hex            0%         N/A       95%         3
 Ozocubu's Armour         Ice            0%         N/A       95%         3
 Irradiate                Conj/Tmut      0%         3d13      100%        5
 Metabolic Englaciation   Hex/Ice        0%         N/A       100%        5
 Yara's Violent Unravell  Hex/Tmut       0%         3d3       100%        5
 Simulacrum               Ice/Necr       0%         N/A       100%        6
 Enfeeble                 Hex            0%         N/A       100%        7
 Summon Hydra             Summ           0%         N/A       100%        7
 Sublimation of Blood     Necr           Unusable   N/A       N/A         2
 Wereblood                Tmut           Unusable   N/A       N/A         2
 Blade Hands              Tmut           Unusable   N/A       N/A         5
 Dragon Form              Tmut           Unusable   N/A       N/A         7

Inventory:

Hand Weapons
 b - a +0 longbow {bow}
   (You found it on level 7 of the Dungeon)
Missiles
 c - 205 stones (quivered) {throwing}
 d - 4 javelins {throwing}
 o - 9 poisoned darts {throwing}
 E - 5 boomerangs of dispersal {=f!fthrowing}
Armour
 m - a +0 cloak (worn)
   (You found it on level 1 of the Dungeon)
 p - a +0 chain mail
   (You found it on level 2 of the Dungeon)
 r - a +0 ring mail
   (You found it on level 2 of the Dungeon)
 t - a +2 pair of boots (worn)
   (You found it on level 2 of the Dungeon)
 u - a +0 robe
   (You found it on level 6 of the Dungeon)
 w - a +0 ring mail
   (You took it off an orc on level 4 of the Dungeon)
 x - a +0 robe
   (You found it on level 2 of the Dungeon)
 y - a +0 ring mail
   (You found it on level 2 of the Dungeon)
 F - a +0 robe
   (You found it on level 3 of the Dungeon)
 L - a +0 leather armour
   (You found it on level 4 of the Dungeon)
 M - a +0 chain mail
   (You took it off an orc on level 4 of the Dungeon)
 N - a +0 robe
   (You took it off an orc wizard on level 4 of the Dungeon)
 O - a +0 robe of positive energy
   (You took it off an orc wizard on level 4 of the Dungeon)
 P - a +0 chain mail
   (You found it on level 5 of the Dungeon)
 R - a +0 chain mail
   (You found it on level 5 of the Dungeon)
 S - a +0 leather armour
   (You took it off an orc on level 5 of the Dungeon)
 T - a +0 leather armour
   (You took it off an orc on level 5 of the Dungeon)
 U - a +0 ring mail
   (You took it off an orc on level 5 of the Dungeon)
 V - a +2 ring mail of fire resistance (worn)
   (You found it on level 5 of the Dungeon)
 W - a +0 robe
   (You found it on level 5 of the Dungeon)
 X - a +0 leather armour
   (You found it on level 5 of the Dungeon)
 Z - a +0 ring mail
   (You found it on level 5 of the Dungeon)
Magical Staves
 H - a staff of poison {!astaff}
   (You found it on level 3 of the Dungeon)
Jewellery
 i - a ring of ice
   (You found it on level 6 of the Dungeon)
 j - the ring "Ypsuenk" (right claw) {*Slow +Blink rElec rPois MP+9}
   (You found it on level 7 of the Dungeon)

   [ring of magical power]

   rElec:     It insulates you from electricity.
   rPois:     It protects you from poison.
   MP:        It affects your magic capacity (+9).
   +Blink:    It lets you blink.
   *Slow:     It may slow you when you take damage.
 z - an amulet of magic regeneration {@e2}
   (You found it on level 2 of the Dungeon)
 D - an amulet of the acrobat (around neck)
   (You found it on level 3 of the Dungeon)
 Y - a +6 ring of dexterity (left claw)
   (You found it on level 5 of the Dungeon)
Wands
 f - a wand of digging (8)
   (You took it off Ijyb on level 3 of the Dungeon)
Scrolls
 l - 5 scrolls of noise {!r}
 v - 2 scrolls of vulnerability {!r!r}
 C - a scroll of fear
 K - a scroll of magic mapping {unknown}
 Q - 2 scrolls of teleportation {@r4}
Potions
 a - 2 potions of resistance {unknown}
 e - a potion of heal wounds {@q2}
 g - a potion of ambrosia
 h - a potion of brilliance {unknown}
 k - 2 potions of flight
 n - a potion of haste {unknown}
 q - a potion of degeneration {unknown}
 s - 2 potions of invisibility {unknown}
 A - 3 potions of curing {unknown}
 B - a potion of lignification
 G - a potion of berserk rage {!q}
 I - a potion of magic
 J - a potion of mutation {unknown}

Dungeon Overview and Level Annotations

Branches:
Dungeon (7/15)             Temple (1/1) D:6

Altars:
Ashenzari
Cheibriados
Dithmenos
Fedhas
Gozag
Nemelex Xobeh
Okawaru
Qazlal
Ru
Sif Muna
Uskayaw
Vehumet
Wu Jian
Xom
Yredelemnul
Zin
The Shining One

Shops:
D:6

[
####'##.......#.......#..#.....#.
###..##.[######........#####.#'#.
..#..##..##......#####.+...+.#)..
..#..#....#......#...###...#####.
..#..#....#......'...#.......#.'.
..#..##...#......#+###+#...#'#.##
###..##...######.......#...#.....
###..##...#....#.......##'##.....
..........#....y@..........#.....
.....##..###.###...........#+#.##
.....##..## #####'#.....### #.+
..........# #.....#.....# ###
..........# #.....#.....#
###..###### ##'##.#.....#
###..##########.##.##....#
.......#...#.....#..#....#
.>.....#...#.....#..#....#


You could see a killer bee.


Message History

The killer bee closely misses you.
You are now empty-clawed.
The killer bee closely misses you.
You claw the killer bee! The killer bee stings you.
You miss the killer bee. The killer bee misses you.
The killer bee stings you but does no damage.
You claw the killer bee!
You kill the killer bee!
The killer bee closely misses you.
You closely miss the killer bee. The killer bee closely misses you.
The killer bee stings you but does no damage.
The killer bee stings you.
You closely miss the killer bee. The killer bee barely misses you. x2
You miss the killer bee. The killer bee stings you! The killer bee misses you.
The killer bee stings you but does no damage. x2
The killer bee barely misses you. The killer bee closely misses you.
You barely miss the killer bee. The killer bee barely misses you.
The killer bee closely misses you. The killer bee stings you!
The killer bee barely misses you.
The killer bee stings you but does no damage. x2
You are too injured to fight recklessly!
You are too injured to fight recklessly!
You barely miss the killer bee.
The killer bee stings you but does no damage. x3
The killer bee misses you. The killer bee barely misses you.
The killer bee stings you but does no damage.
You miss the killer bee. Your claw misses the killer bee.
The killer bee stings you but does no damage.
The killer bee stings you. The killer bee closely misses you.
You claw the killer bee! The killer bee barely misses you.
The killer bee stings you but does no damage. x2
The killer bee closely misses you.
The killer bee stings you but does no damage. x2
You miss the killer bee. The killer bee stings you.
The killer bee closely misses you. The killer bee stings you.
The killer bee closely misses you. The killer bee stings you.
* * * LOW HITPOINT WARNING * * *
The killer bee completely misses you.
You claw the killer bee!
You kill the killer bee!
You feel better.
The killer bee stings you but does no damage. x2
You completely miss the killer bee. The killer bee closely misses you.
The killer bee misses you. The killer bee closely misses you.
The killer bee misses you.
You closely miss the killer bee. The killer bee barely misses you. x2
The killer bee misses you.
The killer bee stings you but does no damage.
You closely miss the killer bee. The killer bee stings you.
* * * LOW HITPOINT WARNING * * *
The killer bee stings you but does no damage.
The killer bee misses you. x2
You barely miss the killer bee. The killer bee stings you.
* * * LOW HITPOINT WARNING * * *
The killer bee barely misses you.
You completely miss the killer bee.
The killer bee stings you but does no damage. x2
The killer bee stings you!
* * * LOW HITPOINT WARNING * * *
The killer bee closely misses you.
You scratch the killer bee.
The killer bee stings you but does no damage.
The killer bee stings you.
* * * LOW HITPOINT WARNING * * *
The killer bee stings you but does no damage.
The killer bee barely misses you.
You scratch the killer bee. The killer bee barely misses you.
The killer bee stings you but does no damage.
You miss the killer bee. The killer bee barely misses you.
The killer bee closely misses you. The killer bee barely misses you.
The killer bee stings you but does no damage.
You miss the killer bee. The killer bee closely misses you.
The killer bee stings you but does no damage.
The killer bee closely misses you. The killer bee barely misses you.
You scratch the killer bee. The killer bee barely misses you.
The killer bee stings you.
* * * LOW HITPOINT WARNING * * *
The killer bee closely misses you. The killer bee stings you.
* * * LOW HITPOINT WARNING * * *
You claw the killer bee!
You kill the killer bee!
The killer bee completely misses you.
You have reached level 9!
Your experience leads to an increase in your attributes!
Your base attributes are Str 17, Int 5, Dex 11.
Increase (S)trength, (I)ntelligence, or (D)exterity?
You feel stronger. x2
You closely miss the killer bee. The killer bee stings you.
* * * LOW HITPOINT WARNING * * *
The killer bee closely misses you.
You miss the killer bee. The killer bee stings you.
* * * LOW HITPOINT WARNING * * *
The killer bee stings you but does no damage.
You completely miss the killer bee. You claw the killer bee.
The killer bee stings you but does no damage.
You barely miss the killer bee. The killer bee misses you.
The killer bee stings you.
* * * LOW HITPOINT WARNING * * *
You claw the killer bee! The killer bee closely misses you.
The killer bee stings you.
You die...

Skill      XL: |  1  2  3  4  5  6  7  8 |
---------------+-------------------------+-----
Dodging        | 3 4 5 |  5.2
Armour         | 1 2 3 4 |  4.3
Unarmed Combat | 4 5 6 7 8 |  8.4
Fighting       | 4 5 6 |  6.3
Stealth        | |  2.1

Action                   |  1- 3 |  4- 6 |  7- 9 || total
-------------------------+-------+-------+-------++-------
Melee: Unarmed           |    69 |   240 |   143 ||   452
       Punch             |     4 |     9 |     9 ||    22
 Fire: Longbow           |       |       |     6 ||     6
Throw: Stone             |    22 |       |       ||    22
  Use: Scroll            |       |    11 |     1 ||    12
 Stab: Sleeping          |     2 |       |     1 ||     3
Armor: Robe              |     8 |       |       ||     8
       Chain mail        |    15 |   106 |       ||   121
       Ring mail         |       |     7 |    72 ||    79
Dodge: Dodged            |    37 |   128 |   104 ||   269

Levels and vault maps discovered:
D:1:      dpeg_arrival_pond, layout_basic,
          chequers_ecumenical_altar_simple_redux
D:2:      layout_basic
D:3:      layout_basic, minmay_misc_feat_room, hangedman_decor_growths,
          chequers_serial_rivers_small_3, kennysheep_nondescript
D:4:      layout_loops_ring, marbit_many_paths, grunt_decor_arrowhead, uniq_ijyb
D:5:      layout_basic, yredelemnul_altar_generic, kennysheep_boxes
D:6:      layout_basic, lemuel_round_altar,
          minmay_temple_entry_statues_fountains, serial_shops, kennysheep_mini
D:7:      nicolae_cairo_tiling_large, layout_gridville,
          nemelex_diamond_rough_becter
Temple:   cyrus_circular_temple

Notes
Turn   | Place    | Note
-------+----------+-------------------------------------------
     0 | D:1      | Sobieck the Ghoul Monk began the quest for the Orb.
     0 | D:1      | Reached XP level 1. HP: 19/19 MP: 0/0
   301 | D:1      | Found a faded altar of an unknown god.
   377 | D:1      | Reached XP level 2. HP: 22/26 MP: 1/1
   500 | D:1      | You pick up a book of Misfortune and begin reading...
   500 | D:1      | You add the spells Confusing Touch, Yara's Violent
                  | Unravelling and Enfeeble to your library.
   696 | D:1      | You fall into a shaft and drop 1 floor!
   840 | D:2      | Reached XP level 3. HP: 22/31 MP: 2/2
  1020 | D:2      | Reached skill level 3 in Dodging
  1060 | D:2      | Reached skill level 1 in Armour
  1060 | D:2      | Reached skill level 4 in Unarmed Combat
  1248 | D:2      | Reached XP level 4. HP: 40/40 MP: 3/3
  1732 | D:2      | You pick up a book of Winter and begin reading...
  1732 | D:2      | You add the spells Ozocubu's Armour, Metabolic Englaciation
                  | and Simulacrum to your library.
  2168 | D:3      | Reached skill level 4 in Fighting
  2258 | D:3      | Reached XP level 5. HP: 44/46 MP: 4/4
  2932 | D:4      | Noticed Ijyb
  2944 | D:3      | Killed Ijyb
  2973 | D:4      | Reached skill level 5 in Unarmed Combat
  3056 | D:4      | Reached skill level 2 in Armour
  3058 | D:4      | Reached XP level 6. HP: 51/52 MP: 5/5
  4138 | D:4      | Found a broken altar of Ashenzari.
  4201 | D:5      | Entered Level 5 of the Dungeon
  4372 | D:5      | Found a basalt altar of Yredelemnul.
  4402 | D:5      | You pick up a book of Transfigurations {@e2} and begin
                  | reading...
  4639 | D:5      | Noticed a black bear
  4651 | D:5      | Killed a black bear
  4652 | D:5      | Reached skill level 4 in Dodging
  4652 | D:5      | Reached skill level 6 in Unarmed Combat
  4652 | D:5      | Reached XP level 7. HP: 41/60 MP: 6/6
  4963 | D:5      | Reached skill level 5 in Fighting
  5197 | D:6      | Reached skill level 3 in Armour
  5278 | D:6      | Found a shimmering altar of Xom.
  5611 | D:6      | Found a staircase to the Ecumenical Temple.
  5625 | Temple   | Entered the Ecumenical Temple
  5633 | Temple   | Reached skill level 7 in Unarmed Combat
  5633 | Temple   | Reached XP level 8. HP: 63/69 MP: 7/7
  5892 | D:6      | Found Zeaxepuv's Antique Armour Shoppe.
  5895 | D:6      | Bought a faintly humming chain mail for 266 gold pieces
  5895 | D:6      | Identified the +0 chain mail "Onykhix" {Int+3} (You bought
                  | it in a shop on level 6 of the Dungeon)
  5978 | D:6      | You pick up a book of Blood and begin reading...
  6455 | D:7      | Found a sparkling altar of Nemelex Xobeh.
  6463 | D:7      | Identified the ring "Ypsuenk" {*Slow +Blink rElec rPois
                  | MP+9}
  6489 | D:7      | Reached skill level 6 in Fighting
  6489 | D:7      | Reached skill level 4 in Armour
  6714 | D:7      | Reached skill level 5 in Dodging
  6714 | D:7      | Reached skill level 8 in Unarmed Combat
  7012 | D:7      | HP: 14/70 [killer bee (5)]
  7014 | D:7      | Reached XP level 9. HP: 12/77 MP: 8/8
  7015 | D:7      | HP: 5/77 [killer bee (2)]
  7017 | D:7      | HP: 1/77 [killer bee (4)]
  7018 | D:7      | Slain by a killer bee

Vanquished Creatures
  2 steam dragons (D:7)
  3 black bears
  An ice beast (D:6)
  A sky beast (Temple)
  2 necrophages
  3 killer bees (D:7)
  2 hounds (D:6)
  3 jellies
  An orc priest (D:4)
  A gnoll shaman (D:6)
  Ijyb (D:3)
  3 iguanas
  3 orc wizards (D:4)
  14 adders
  7 gnolls
  2 shadow imps
  A white imp (D:6)
  An ufetubus (D:4)
  4 worms
  2 dart slugs
  16 orcs
  8 ball pythons
  5 endoplasms
  2 goblins
  9 hobgoblins
  2 quokkas (D:3)
  2 bats (D:1)
  4 frilled lizards
  7 kobolds
  7 rats
119 creatures vanquished.

Table legend:
 A = Non-vault XP
 B = Vault XP
 C = Vault XP percentage of total XP
 D = Non-vault monster count
 E = Vault monster count
 F = Vault count percentage of total count
                 A         B        C        D         E       F
            +---------+---------+-------+---------+---------+-------
      Total |    2339 |      44 |   1.8 |     117 |       2 |   1.7
            +---------+---------+-------+---------+---------+-------
        D:1 |      16 |       0 |   0.0 |      12 |       0 |   0.0
        D:2 |      93 |       0 |   0.0 |      19 |       0 |   0.0
        D:3 |      84 |      36 |  30.0 |      16 |       1 |   5.9
        D:4 |     284 |       8 |   2.7 |      28 |       1 |   3.4
        D:5 |     342 |       0 |   0.0 |      15 |       0 |   0.0
        D:6 |     797 |       0 |   0.0 |      16 |       0 |   0.0
        D:7 |     591 |       0 |   0.0 |      10 |       0 |   0.0
     Temple |     132 |       0 |   0.0 |       1 |       0 |   0.0
            +---------+---------+-------+---------+---------+-------

Illustrated notes

Table legend:
 A = Kills in this place as a percentage of kills in entire the game.
 B = Kills by you in this place as a percentage of kills by you in the entire game.
 C = Kills by friends in this place as a percentage of kills by friends in the entire game.
 D = Other kills in this place as a percentage of other kills in the entire game.
 E = Experience gained in this place as a percentage of experience gained in the entire game.
 F = Experience gained in this place divided by the number of levels of this place that you have seen.
                   A       B       C       D       E      F
               +-------+-------+-------+-------+-------+----------------------
         Total | 100.0 | 100.0 |   N/A |   N/A | 100.0 | 297.9
       Dungeon |  99.2 |  99.2 |   N/A |   N/A |  94.5 | 321.6
        Temple |   0.8 |   0.8 |   N/A |   N/A |   5.5 | 132.0
               +-------+-------+-------+-------+-------+----------------------

Table legend: (Time is in decaauts)
 A = Elapsed time spent in this place.
 B = Non-inter-level travel time spent in this place.
 C = Inter-level travel time spent in this place.
 D = Time resting spent in this place.
 E = Time spent auto-exploring this place.
 F = Levels seen in this place.
 G = Mean time per level.
                   A        B        C        D        E       F      G
               +--------+--------+--------+--------+--------+-----+--------+
         Total |   6978 |   6816 |    162 |    109 |   5662 |   8 |  872.2 |
       Dungeon |   6904 |   6742 |    162 |    109 |   5662 |   7 |  986.3 |
        Temple |     73 |     73 |      0 |      0 |      0 |   1 |   73.0 |
               +--------+--------+--------+--------+--------+-----+--------+

Top non-repeatable levels by time:
     D:4: 1188 daAuts
     D:6: 1111 daAuts
     D:2: 1027 daAuts
     D:1: 1023 daAuts
     D:3: 949 daAuts
     D:5: 935 daAuts
     D:7: 669 daAuts
  Temple: 73 daAuts
